 Dungeon Crawl Stone Soup version 0.28.0-47-ge53b351184 (webtiles) character file.

Game seed: 12418184555378111480

18 Kraken2834 the Chopper (level 2, -3/27 HPs)
             Began as a Hill Orc Berserker on Apr 27, 2022.
             Was a Follower of Trog.
             Slain by Terence
             ... wielding a +0 trident
              (4 damage)
             ... on level 2 of the Dungeon.
             The game lasted 00:01:36 (1038 turns).

Kraken2834 the Chopper (Hill Orc Berserker)         Turns: 1038, Time: 00:01:37

Health: -3/27      AC:  2    Str: 19    XL:     2   Next: 70%
Magic:  2/2        EV: 11    Int:  7    God:    Trog [*.....]
Gold:   59         SH:  0    Dex: 10    Spells: 1/1 levels left

rFire   . . .      SeeInvis .   a - +1 hand axe
rCold   . . .      Faith    .   (no shield)
rNeg    . . .      Spirit   .   b - +0 animal skin
rPois   .          Reflect  .   (no helmet)
rElec   .          Harm     .   (no cloak)
rCorr   .          Rampage  .   (no gloves)
Will    .....                   (no boots)
Stlth   +.........              (no amulet)
HPRegen 0.09/turn               (no ring)
MPRegen 0.08/turn               (no ring)

@: weak-willed
A: no striking features
a: Renounce Religion, Berserk


You were on level 2 of the Dungeon.
You worshipped Trog.
Trog was aware of your devotion.
You visited 1 branch of the dungeon, and saw 2 of its levels.

You collected 59 gold pieces.

Inventory:

Hand Weapons
 a - a +1 hand axe (weapon)
Armour
 b - a +0 animal skin (worn)
Potions
 d - a potion of cancellation


   Skills:
 + Level 4.0 Fighting
 + Level 4.4 Axes
 + Level 2.6 Armour
 - Level 1.5 Dodging


You had one spell level left.
You didn't know any spells.
Your spell library was empty.

Dungeon Overview and Level Annotations

Branches:
Dungeon (2/15)

Altars:

Annotations:
D:2 Terence


Message History

You feel magically purged.
You float gracefully downwards.
You see here a quokka corpse.
You see here a rat corpse.
Terence shouts, "ATTACK!!!"
Terence shouts, "DIE!!!"
Terence says, "Rest in peace."
As you read the scroll labelled SUMAECWYEM, it crumbles to dust.
It is a scroll of enchant weapon.
Your +0 hand axe glows red for a moment.
Terence hits you from afar with a +0 trident!
As you read the scroll labelled LUBEBR AFIUNLI, it crumbles to dust.
Magic quickly surges around you.
It was a scroll of vulnerability.
Terence hits you from afar with a +0 trident!
* * * LOW HITPOINT WARNING * * *
An endoplasm comes into view.
There is a stone staircase leading up here.
(D) Dungeon
Where to? (Enter - D:2, ? - help)
What level of the Dungeon? (default 1, ? - help)
There are monsters nearby!
Unknown command.
You strike the helpless endoplasm from behind!
You hit the endoplasm.
The endoplasm is moderately wounded.
The endoplasm freezes you.
You are frozen.
* * * LOW HITPOINT WARNING * * *
You hit the endoplasm.
The endoplasm is severely wounded.
The endoplasm completely misses you. The endoplasm barely misses you.
You hit the endoplasm.
You kill the endoplasm!
Trog accepts your kill. Terence barely misses you. Terence barely misses you.
You hit Terence but do no damage. Terence barely misses you.
You barely miss Terence. Terence hits you with a +0 trident.
* * * LOW HITPOINT WARNING * * *
Terence hits you with a +0 trident.
You die...

#..####
#...#
#..##
#..##
#...#
##..#
#>.#
#@.#
#@<#
#..#
#..#
#..#
#...
.....
#.####
#.. ###


You could see Terence (weak-willed).

Vanquished Creatures
  3 endoplasms
  A giant cockroach (D:2)
  2 goblins (D:1)
  3 hobgoblins (D:1)
  A kobold (D:1)
  A quokka (D:2)
  A bat (D:1)
  3 frilled lizards
  A rat (D:2)
16 creatures vanquished.

Notes
Turn   | Place    | Note
-------+----------+-------------------------------------------
     0 | D:1      | Kraken2834 the Hill Orc Berserker began the quest for the
                  | Orb.
     0 | D:1      | Reached XP level 1. HP: 19/19 MP: 1/1
   139 | D:1      | Found a faded altar of an unknown god.
   203 | D:1      | Reached XP level 2. HP: 24/27 MP: 2/2
   971 | D:2      | Noticed Terence
  1038 | D:2      | HP: 1/27 [Terence/+0 trident (3)]
  1038 | D:2      | Slain by Terence

Illustrated notes

Levels and vault maps discovered:
D:1:      ncdulo_smallfort, layout_basic,
          hellmonk_ecumenical_altar_prayer_group, minmay_close_crescents
D:2:      layout_loops_ring, serial_shops, shop, nicolae_shop_trees,
          shop_statue, nicolae_lakefront_shop, uniq_terence

Skill      XL: |  1  2 |
---------------+-------+-----
Fighting       | 4 |  4.0
Axes           | |  4.4
Armour         | |  2.6
Dodging        | |  1.5

Action                   || total
-------------------------++-------
Melee: Hand axe          ||    40
       Punch             ||     1
  Use: Scroll            ||     2
       Potion            ||     2
 Stab: Distracted        ||     1
       Sleeping          ||     1
Armor: Animal skin       ||     8
Dodge: Dodged            ||    23
